 Dungeon Crawl Stone Soup version 0.28.0 (webtiles) character file.

Game seed: 14445155279213712481

550 hikkokomori the Shield-Bearer (level 7, -1/56 HPs)
             Began as a Formicid Fighter on Feb 14, 2022.
             Was a Follower of Zin.
             Succumbed to Eustachio's poison
             ... on level 5 of the Dungeon.
             The game lasted 00:06:48 (4416 turns).

hikkokomori the Shield-Bearer (Formicid Fighter)    Turns: 4416, Time: 00:06:49

Health: -1/56      AC:  9    Str: 21 (23) XL:     7   Next: 54%
Magic:  7/7        EV:  7    Int:  6 (7)  God:    Zin [*.....]
Gold:   177        SH:  4    Dex:  7 (10) Spells: 6/6 levels left

rFire   . . .      SeeInvis +   a - +0 war axe
rCold   . . .      Faith    .   c - +0 buckler
rNeg    . . .      Spirit   .   o - +0 chain mail
rPois   .          Reflect  .   (helmet unavailable)
rElec   .          Harm     .   (no cloak)
rCorr   .          Rampage  .   (no gloves)
Will    .....                   (no boots)
Stlth   ..........              (no amulet)
HPRegen 0.18/turn               (no ring)
MPRegen 0.10/turn               (no ring)

@: lethally poisoned (-1 -> -10)
A: permanent stasis, dig shafts and tunnels, antennae 3, four strong arms
a: Dig, Shaft Self, Renounce Religion, Recite, Donate Gold


You were on level 5 of the Dungeon.
You worshipped Zin.
Zin was aware of your devotion.
You visited 2 branches of the dungeon, and saw 6 of its levels.

You collected 196 gold pieces.
You donated 19 gold pieces to Zin.

Inventory:

Hand Weapons
 a - a +0 war axe (weapon)
Missiles
 e - 6 poisoned darts
 l - a throwing net
Armour
 b - a +0 scale mail
 c - a +0 buckler (worn)
 o - a +0 chain mail (worn)
Scrolls
 d - a scroll of fear {unknown}
 g - a scroll of blinking {unknown}
 h - a scroll of enchant weapon {unknown}
 k - a scroll of teleportation
 m - a scroll of brand weapon {unknown}
 p - a scroll of enchant armour {unknown}
 q - a scroll of noise {unknown}
 s - a scroll of fog {unknown}
 y - a scroll of magic mapping {unknown}
Potions
 f - 2 potions of attraction
 j - 3 potions of mutation
 r - a potion of curing {unknown}
 t - a potion of flight
 u - a potion of haste {unknown}
 x - 2 potions of brilliance


   Skills:
 + Level 5.2 Fighting
 + Level 4.2 Axes
 + Level 5.2 Armour
 + Level 5.7 Shields


You had 6 spell levels left.
You didn't know any spells.
Your spell library contained the following spells:

 Spells                   Type           Power      Damage    Failure   Level
 Magic Dart               Conj           0%         1d3       99%         1
 Slow                     Hex            0%         N/A       99%         1
 Sting                    Tmut/Pois      0%         1d3       99%         1
 Call Imp                 Summ           0%         N/A       100%        2
 Poisonous Vapours        Pois/Air       0%         N/A       100%        2
 Scorch                   Fire           0%         2d5       100%        2
 Confusing Touch          Hex            0%         N/A       100%        3
 Mephitic Cloud           Conj/Pois/Air  0%         N/A       100%        3
 Portal Projectile        Hex/Tloc       0%         N/A       100%        3
 Vampiric Draining        Necr           0%         2d6       100%        3
 Flame Wave               Conj/Fire      0%         2d4       100%        4
 Olgreb's Toxic Radiance  Pois           0%         N/A       100%        4
 Blade Hands              Tmut           0%         N/A       100%        5
 Excruciating Wounds      Necr           0%         N/A       100%        5
 Summon Cactus Giant      Summ           0%         N/A       100%        6


Dungeon Overview and Level Annotations

Branches:
Dungeon (5/15)             Temple (1/1) D:5

Altars:
Dithmenos
Fedhas
Hepliaklqana
Kikubaaqudgha
Makhleb
Nemelex Xobeh
Vehumet
Wu Jian
Yredelemnul
Zin
The Shining One

Shops:
D:1 (

Annotations:
D:4 2 runed translucent doors
D:5 Eustachio


Innate Abilities, Weirdness & Mutations

You cannot be hasted, slowed, berserked, paralysed or teleported.
You can dig through walls and to a lower floor.
You have a pair of large antennae on your head. (SInv)
Your four strong arms can wield two-handed weapons with a shield.


Message History

The orc wizard closely misses you.
Things that are here:
a +0 dagger; an orc corpse You closely miss the orc wizard.
You feel very sick.
The orc wizard points at you and mumbles some strange words.
The magic dart hits you.
* * * LOW HITPOINT WARNING * * *
Unknown command.
You feel sick.
Eustachio says, "My allies will avenge me."
You block the orc wizard's attack.
Things that are here:
a +0 mace; an orc corpse You barely miss the orc wizard.
You feel very sick.
Eustachio gestures wildly while chanting.
The orc wizard hits you but does no damage.
Eustachio gestures wildly while chanting.
Eustachio blinks!
You block the orc wizard's attack.
It was a potion of degeneration.
There was something very wrong with that liquid.
You feel weakened.
You feel dopey.
You feel clumsy.
You feel sick.
The orc wizard hits you but does no damage.
You feel sick. Eustachio hits you but does no damage.
You are lethally poisoned!
* * * LOW HITPOINT WARNING * * *
You feel very sick.
The crimson imp blinks!
Eustachio casts a spell.
Eustachio blinks!
It was a potion of lignification.
Zin protects your body from unnatural transformation!
You feel woody for a moment.
* * * LOW HITPOINT WARNING * * *
You feel very sick.
The orc wizard hits you but does no damage.
It was a potion of cancellation.
You feel magically purged.
You die...

#....# #.......≈.......≈≈
+....# #...........≈≈o...
#....# #.....≈≈..≈≈..≈..
#....# #.....≈≈.....≈≈
####### ####.......#...#
....... #....#######...#
.......# #....#...).....#
.......+ #....#..5...5..#
.......# #....'@o5...@..#
.......####....#####.#####
.#####............#### .#
#............# .#
#............#
.#####.....)......#
........#####.....#
........+ +.....#
........# .....#


You could see Eustachio, an orc wizard (invisible), 2 crimson imps and a white
imp (summoned).

Vanquished Creatures
  A sky beast (D:3)
  A necrophage (D:4)
  A phantom (D:5)
  A scorpion (D:4)
  An iguana (D:4)
  An orc wizard (D:3)
  7 adders
  A howler monkey skeleton (D:5)
  2 worms
  2 dart slugs
  18 orcs
  8 ball pythons
  9 endoplasms
  2 giant cockroaches
  4 goblins
  9 hobgoblins
  4 jackals (D:1)
  2 kobolds
  6 quokkas
  3 bats
  2 frilled lizards (D:1)
  5 rats
90 creatures vanquished.

Notes
Turn   | Place    | Note
-------+----------+-------------------------------------------
     0 | D:1      | hikkokomori the Formicid Fighter began the quest for the
                  | Orb.
     0 | D:1      | Reached XP level 1. HP: 18/18 MP: 1/1
   214 | D:1      | Reached XP level 2. HP: 19/24 MP: 2/2
   483 | D:1      | Found Tipaus's Weapon Shoppe.
   633 | D:1      | Reached XP level 3. HP: 28/29 MP: 3/3
  1585 | D:2      | Reached XP level 4. HP: 26/37 MP: 4/4
  1945 | D:3      | Noticed a sky beast
  1974 | D:3      | Killed a sky beast
  1975 | D:3      | Reached XP level 5. HP: 25/43 MP: 5/5
  2305 | D:3      | Reached XP level 6. HP: 11/49 MP: 6/6
  2885 | D:4      | Reached skill level 5 in Shields
  2971 | D:4      | Found a large runed translucent door.
  3232 | D:4      | Found a large runed translucent door.
  3547 | D:4      | Reached XP level 7. HP: 55/55 MP: 7/7
  3618 | D:4      | Reached skill level 5 in Fighting
  3618 | D:4      | Reached skill level 5 in Armour
  3789 | D:5      | Entered Level 5 of the Dungeon
  3795 | D:5      | Found a staircase to the Ecumenical Temple.
  3804 | Temple   | Entered the Ecumenical Temple
  4001 | Temple   | Became a worshipper of Zin the Law-Giver
  4001 | Temple   | Reached * piety under Zin
  4392 | D:5      | Noticed Eustachio
  4415 | D:5      | HP: 1/56 [poisoned by Eustachio]
  4416 | D:5      | Succumbed to Eustachio's poison

Illustrated notes

Levels and vault maps discovered:
D:1:      kennysheep_arrival_forest, layout_loops_ring, serial_shops, shop
D:2:      layout_loops_ring, st_stairs_8, due_unseen_surprise
D:3:      layout_basic
D:4:      layout_rooms, jmf_multi_god_temple2, chequers_arboretum,
          chequers_serial_rivers_micro_c
D:5:      layout_gridville, nicolae_uskayaw_suspiria, minmay_temple_entry_grid,
          uniq_eustachio, uniq_prince_ribbit1
Temple:   minmay_temple_curvy_loop

Skill      XL: |  1  2  3  4  5  6  7 |
---------------+----------------------+-----
Shields        | 4 5 |  5.7
Fighting       | 4 5 |  5.2
Axes           | 3 4 |  4.2
Armour         | 4 5 |  5.2

Action                   |  1- 3 |  4- 6 |  7- 9 || total
-------------------------+-------+-------+-------++-------
Melee: War axe           |    91 |   151 |    63 ||   305
 Abil: Dig               |     2 |       |       ||     2
  Use: Potion            |       |     1 |     4 ||     5
       Scroll            |       |     4 |     1 ||     5
Armor: Scale mail        |    27 |    48 |       ||    75
       Chain mail        |       |    18 |    44 ||    62
Dodge: Dodged            |    44 |    70 |    20 ||   134
Block: Buckler           |    19 |    37 |    12 ||    68
